 Dungeon Crawl Stone Soup version 0.30-a0-134-gb40fab5c76 (webtiles) character file.

Game seed: 10876429177732109220

39 ytrimaz the Shield-Bearer (level 3, -1/30 HPs)
             Began as a Formicid Fighter on Sept 19, 2022.
             Slain by a goblin
             ... wielding a +0 club
             ... led by Robin
              (3 damage)
             ... on level 2 of the Dungeon.
             The game lasted 00:01:16 (1272 turns).

ytrimaz the Shield-Bearer (Formicid Fighter)        Turns: 1272, Time: 00:01:16

Health: -1/30      AC:  7    Str: 22    XL:     3   Next: 70%
Magic:  3/3        EV: 13    Int:  7    God:
Gold:   37         SH:  5    Dex: 13    Spells: 2/2 levels left

rFire   . . .      SeeInvis +    a - +0 war axe
rCold   . . .      Faith    .    c - +0 buckler
rNeg    . . .      Spirit   .    b - +0 scale mail
rPois   .          Reflect  .    (helmet unavailable)
rElec   .          Harm     .    (no cloak)
rCorr   .          Rampage  .    (no gloves)
Will    .....                    (no boots)
Stlth   ..........               (no amulet)
HPRegen 0.10/turn                k - +4 ring of evasion
MPRegen 0.08/turn                (no ring)

@: mighty, invisible
A: permanent stasis, dig shafts and tunnels, antennae 3, four strong arms
a: Dig, Shaft Self


You were on level 2 of the Dungeon.
You visited 1 branch of the dungeon, and saw 2 of its levels.

You collected 37 gold pieces.


Innate Abilities, Weirdness & Mutations

You cannot be hasted, slowed, berserked, paralysed or teleported.
You can dig through walls and to a lower floor.
You have a pair of large antennae on your head. (SInv)
Your four strong arms can wield two-handed weapons with a shield.


   Skills:
 + Level 3.9 Fighting
 + Level 2.7 Axes
 + Level 3.8 Armour
 - Level 4.0 Shields


You had 2 spell levels left.
You didn't know any spells.
Your spell library contained the following spells:

 Spells                   Type           Power      Damage    Failure   Level
 Sting                    Tmut/Pois      0%         1d3       82%         1
 Poisonous Vapours        Pois/Air       0%         N/A       91%         2
 Olgreb's Toxic Radiance  Pois           0%         N/A       100%        4

Inventory:

Hand Weapons
 a - a +0 war axe (weapon)
Missiles
 e - 5 poisoned darts (quivered)
Armour
 b - a +0 scale mail (worn)
 c - a +0 buckler (worn)
Jewellery
 k - a +4 ring of evasion (left hand)
   (You found it on level 2 of the Dungeon)
Potions
 f - a potion of ambrosia {unknown}
 g - a potion of magic {unknown}
 h - a potion of invisibility
 i - a potion of haste {unknown}
 j - a potion of attraction {unknown}

Dungeon Overview and Level Annotations

Branches:
Dungeon (2/15) Zot: 10683

Altars:

Shops:
D:1

* ###...8888.# ...888..8..#
#.88$...88.# { ..8..#..8..
#.88....88. { gg8..8.8.. {
#)8888...### #@g8...###.#{
#######.##g..###...##
#<..<#..##.###...8..#
#....#..##.#...8888)##
####....#...#...888.....#
#.........# ##.88....88.#
#........## #..8..#..8..#
#........######.88....88.#
#............##..8..888....


You could see a hobgoblin (unable to see you) and 3 goblins.


Message History

Robin throws the goblin at you!
The goblin hits you but does no damage. 😕 HP[-1]
You take 1 damage, and now have 28/30 hp.
Unknown command.
You completely miss the goblin. You closely miss the goblin.
You block the goblin's attack.
A goblin comes into view. It is wielding a +0 dagger.
Robin roars a battlecry!
The goblins go into a battle-frenzy!
The goblin barely misses you.
The goblin hits you with a +0 dagger. 😕 HP[-5]
You take 5 damage, and now have 23/30 hp.
You closely miss the goblin. x2; You barely miss the goblin.
The goblin misses you. The goblin barely misses you.
Robin says, "Kneel, worm!"
The goblin barely misses you. 😕 HP[+1]
You slash the goblin!
You kill the goblin!
You miss the goblin. You closely miss the goblin. The goblin barely misses you.
The goblin closely misses you. The goblin hits you but does no damage.
The goblin misses you.
Robin hits you from afar with a +0 trident of venom.
You are poisoned.
The goblin hits you with a +0 club. 😮 HP[-3]
You take 3 damage, and now have 21/30 hp.
You feel very mighty all of a sudden.
You feel very sick.
You block the goblin's attack. x2; The goblin misses you. 😮 HP[-3]
You take 3 damage, and now have 18/30 hp.
Unknown command.
Unknown command.
It was a potion of invisibility.
You fade into invisibility!
You feel sick. The goblin barely misses you. x2
Robin hits you but does no damage.
You are more poisoned.
You block the goblin's attack. 😮 HP[-2]
You take 2 damage, and now have 16/30 hp.
Unknown command.
You slice the goblin!!
You kill the goblin!
You slash the goblin!
You kill the goblin!
You slash the goblin!
You kill the goblin!
* * * LOW HITPOINT WARNING * * *
You feel very sick.
Robin's bangles clink loudly. 😨 HP[-4]
You take 4 damage, and now have 12/30 hp.
Unknown command.
You closely miss Robin.
* * * LOW HITPOINT WARNING * * *
You feel very sick. 😨 HP[-3]
You take 3 damage, and now have 9/30 hp.
You barely miss Robin. You closely miss the goblin.
* * * LOW HITPOINT WARNING * * *
You feel sick. Robin barely misses you. The goblin closely misses you.
You block Robin's attack. The goblin closely misses you. 😱 HP[-2]
You take 2 damage, and now have 7/30 hp.
Unknown command.
You slash Robin! You barely miss the goblin.
* * * LOW HITPOINT WARNING * * *
You feel sick. The goblin barely misses you. 😱 HP[-2]
You take 2 damage, and now have 5/30 hp.
Unknown command.
You slash Robin!
You kill Robin!
You barely miss the goblin.
You feel sick.
Unknown command.
You closely miss the goblin.
* * * LOW HITPOINT WARNING * * *
You feel sick.
The hobgoblin no longer looks unusually strong.
The goblin no longer looks unusually strong.
You block the goblin's attack. 😱 HP[-2]
You take 2 damage, and now have 3/30 hp.
Unknown command.
You barely miss the goblin. You barely miss the hobgoblin.
You feel sick.
You are no longer poisoned.
The hobgoblin no longer looks unusually strong.
The hobgoblin closely misses you. 😱 HP[-1]
You take 1 damage, and now have 2/30 hp.
Unknown command.
Unknown command.
You slice the hobgoblin!!
You kill the hobgoblin!
You barely miss the goblin.
The goblin no longer looks unusually strong.
The goblin closely misses you. The goblin hits you with a +0 club.
You die...

Action                   || total
-------------------------++-------
Melee: War axe           ||    75
  Use: Scroll            ||     1
       Potion            ||     2
Armor: Scale mail        ||    27
Dodge: Dodged            ||    37
Block: Buckler           ||    17

Levels and vault maps discovered:
D:1:      wander_arrival_fairy_ring, layout_basic, serial_rivers,
          chequers_serial_rivers_micro_d, chequers_serial_rivers_micro_b,
          chequers_serial_rivers_large_a, chequers_serial_rivers_room_a,
          serial_shops, shop
D:2:      minmay_skewed_foursquare, layout_basic, amethyst_killhole,
          supply_closet_lemuel, uniq_natasha, uniq_robin

Notes
Turn   | Place    | Note
-------+----------+-------------------------------------------
     0 | D:1      | ytrimaz the Formicid Fighter began the quest for the Orb.
     0 | D:1      | Reached XP level 1. HP: 18/18 MP: 1/1
     0 | D:1      | magus.rc [v1.9.6]
    75 | D:1      | Reached XP level 2. HP: 24/24 MP: 2/2
   278 | D:1      | You add the spells Sting, Poisonous Vapours and Olgreb's
                  | Toxic Radiance to your library.
   535 | D:1      | Found Supsinaw's General Store.
  1209 | D:2      | Reached XP level 3. HP: 26/30 MP: 3/3
  1256 | D:2      | Noticed Robin
  1267 | D:2      | HP: 7/30 [poisoned by Robin]
  1269 | D:2      | Killed Robin
  1270 | D:2      | HP: 3/30 [poisoned by Robin]
  1272 | D:2      | Slain by a goblin

Vanquished Creatures
  Robin (D:2)
  3 endoplasms
  2 giant cockroaches
  8 goblins
  5 hobgoblins
  2 kobolds (D:1)
  A ball python (D:1)
  A frilled lizard (D:1)
  3 rats (D:1)
26 creatures vanquished.

Table legend:
 A = Non-vault XP
 B = Vault XP
 C = Vault XP percentage of total XP
 D = Non-vault monster count
 E = Vault monster count
 F = Vault count percentage of total count
                 A         B        C        D         E       F
            +---------+---------+-------+---------+---------+-------
      Total |      30 |      29 |  49.2 |      18 |       8 |  30.8
            +---------+---------+-------+---------+---------+-------
        D:1 |      24 |       0 |   0.0 |      15 |       0 |   0.0
        D:2 |       6 |      29 |  82.9 |       3 |       8 |  72.7
            +---------+---------+-------+---------+---------+-------

Illustrated notes

Table legend:
 A = Kills in this place as a percentage of kills in entire the game.
 B = Kills by you in this place as a percentage of kills by you in the entire game.
 C = Kills by friends in this place as a percentage of kills by friends in the entire game.
 D = Other kills in this place as a percentage of other kills in the entire game.
 E = Experience gained in this place as a percentage of experience gained in the entire game.
 F = Experience gained in this place divided by the number of levels of this place that you have seen.
                   A       B       C       D       E      F
               +-------+-------+-------+-------+-------+----------------------
         Total | 100.0 | 100.0 |   N/A |   N/A | 100.0 |  29.5
       Dungeon | 100.0 | 100.0 |   N/A |   N/A | 100.0 |  29.5
               +-------+-------+-------+-------+-------+----------------------

Table legend: (Time is in decaauts)
 A = Elapsed time spent in this place.
 B = Non-inter-level travel time spent in this place.
 C = Inter-level travel time spent in this place.
 D = Time resting spent in this place.
 E = Time spent auto-exploring this place.
 F = Levels seen in this place.
 G = Mean time per level.
                   A        B        C        D        E       F      G
               +--------+--------+--------+--------+--------+-----+--------+
         Total |   1314 |   1292 |     22 |      0 |   1069 |   2 |  657.0 |
       Dungeon |   1314 |   1292 |     22 |      0 |   1069 |   2 |  657.0 |
               +--------+--------+--------+--------+--------+-----+--------+

Top non-repeatable levels by time:
     D:1: 1175 daAuts
     D:2: 139 daAuts
